 Dungeon Crawl Stone Soup version 0.24-a0-504-gcfb02b9 (webtiles) character file.

Game seed: 52765617646252977

2797 ocha the Basher (level 9, -14/48 HPs)
             Began as a Gargoyle Gladiator on July 16, 2019.
             Was a Priest of Okawaru.
             Demolished by an orc warrior
             ... wielding a +0 dire flail
              (22 damage)
             ... on level 7 of the Dungeon on July 17, 2019.
             The game lasted 01:03:44 (9984 turns).

ocha the Basher (Gargoyle Gladiator)                Turns: 9984, Time: 01:03:45

Health: -14/48     AC: 17    Str: 26    XL:     9   Next: 71%
Magic:  9/9        EV:  9    Int:  9    God:    Okawaru [***...]
Gold:   401        SH:  0    Dex: 11    Spells: 8/8 levels left

rFire    . . .     SeeInvis .   F - +1 flail (crush)
rCold    + . .     Gourm    .   (no shield)
rNeg     + . .     Faith    .   j - +1 chain mail
rPois    ∞         Spirit   .   s - +0 helmet
rElec    +         Reflect  .   (no cloak)
rCorr    .         Harm     .   (no gloves)
MR       .....                  e - +0 pair of boots
Stlth    ..........             t - amulet of magic regeneration
HPRegen  0.16/turn              K - ring of protection from cold
MPRegen  0.36/turn              (no ring)

@: mighty
A: negative energy resistance 1, electricity resistance, unbreathing,
petrification resistance, rot immunity, AC +6
a: Heroism, Renounce Religion


You were on level 7 of the Dungeon.
You worshipped Okawaru.
Okawaru was most pleased with you.
You were not hungry.

You visited 2 branches of the dungeon, and saw 8 of its levels.

You collected 401 gold pieces.

Inventory:

Hand Weapons
 a - a +1 war axe of draining
 b - a +0 short sword
 g - a +2 short sword of speed
 l - a cursed +0 hunting sling
 n - a +2 quarterstaff of chaos
 r - a +0 mace
 w - a +1 trident of piercing
 y - a +1 antimagic dagger
 z - a +0 long sword
 D - a +3 short sword
 F - a +1 flail of crushing (weapon)
 G - a +1 whip of holy wrath
 L - a +0 short sword
 R - a +2 spear of venom
 T - a +3 dagger of venom
Missiles
 d - 3 throwing nets (quivered)
 k - 6 poisoned darts
 x - 9 boomerangs
 B - 5 javelins
 M - 4 boomerangs of dispersal
 P - 7 datura-tipped darts
Armour
 e - a +0 pair of boots (worn)
 j - a +1 chain mail (worn)
 p - a cursed +0 cloak
 s - a +0 helmet (worn)
 v - a +0 leather armour
Jewellery
 t - an amulet of magic regeneration (around neck)
 K - a ring of protection from cold (left hand)
Wands
 u - a wand of digging (4)
 C - a wand of scattershot (1)
 S - a wand of iceblast (15)
Scrolls
 i - a scroll of noise
 o - 3 scrolls of teleportation
 E - 2 scrolls of remove curse
 H - 2 scrolls of enchant weapon
 N - 2 scrolls of identify
 Q - 2 scrolls of fog
Potions
 A - 2 potions of degeneration {unknown}
 I - a potion of magic {unknown}
 J - a potion of haste {unknown}
 O - a potion of brilliance {unknown}
Comestibles
 c - a chunk of flesh
 f - 11 rations


   Skills:
 - Level 2.2 Fighting
 + Level 12.4 Maces & Flails
 + Level 2.9 Polearms
 - Level 2.0 Throwing
 - Level 0.2 Armour
 - Level 2.7 Dodging


You had 8 spell levels left.
You didn't know any spells.
Your spell library contained the following spells:

 Spells                   Type           Power        Failure   Level  Hunger
 Apportation              Tloc           #.....       96%         1    ##.....
 Summon Butterflies       Summ           #.......     96%         1    ##.....
 Lesser Beckoning         Tloc           #.........   100%        3    ####...
 Tukima's Dance           Hex            #.......     100%        3    ####...
 Alistair's Intoxication  Tmut/Pois      #.......     100%        5    ######.
 Invisibility             Hex            #.......     100%        6    #######


Dungeon Overview and Level Annotations

Branches:
Dungeon (7/15)             Temple (1/1) D:4

Altars:
Dithmenos
Elyvilon
Fedhas
Gozag
Hepliaklqana
Kikubaaqudgha
Makhleb
Nemelex Xobeh
Okawaru
Qazlal
Ru
Sif Muna
Trog
Uskayaw
Vehumet
Xom
Yredelemnul
The Shining One

Annotations:
D:4 3 runed translucent doors, Brisketman's ghost, amateur DrCj


Innate Abilities, Weirdness & Mutations

You are resistant to torment.
Your stone body is resilient. (AC +6)
You are immune to poison.
You resist negative energy. (rN+)
You are resistant to electric shocks. (rElec)
You can survive without breathing.
You are immune to petrification.
You are immune to rotting.


Message History

The orc warrior hits you with a +0 dire flail.
You barely miss the orc warrior.
The orc warrior is severely wounded.
The orc warrior barely misses you.
The orc hits you with a +0 mace of holy wrath.
You closely miss the orc warrior.
The orc warrior is severely wounded.
You closely miss the orc warrior.
The orc warrior is severely wounded.
The orc warrior hits you with a +0 dire flail!
The orc closely misses you.
You closely miss the orc warrior.
The orc warrior is severely wounded.
The orc warrior hits you with a +0 dire flail!
* * * LOW HITPOINT WARNING * * *
You closely miss the orc warrior.
The orc warrior is severely wounded.
The orc hits you but does no damage.
The orc warrior hits you with a +0 dire flail!!
You die...

###.##.###.##.......##
##.#.# #.##.###.###.....##
###.# #........# ##...## #.#
#.##.##.######'## #.#
#.##.##o##...#.#### #.#
#.##..............########.#
#.#####.##...#.##..........#
#.#####.#####o..############
#.......# #@o...# #########
##...## ##.## #÷# #.# #.#
#.# #.# #.#


You could see an orc warrior and an orc.

Vanquished Creatures
  Prince Ribbit (D:5)
  Menkaure (D:5)
  An orc warrior (D:6)
  3 ice beasts
  A phantom (D:5)
  A bullfrog (D:5)
  2 gnoll sergeants
  A wyvern skeleton (D:6)
  3 scorpions
  A howler monkey (D:4)
  2 bullfrog zombies (D:6)
  A quasit (D:5)
  5 crimson imps
  2 hounds
  A jelly (D:4)
  7 orc priests
  A gnoll shaman (D:5)
  13 orc wizards
  Crazy Yiuf (D:6)
  A centaur skeleton (D:7)
  3 iguanas
  6 worker ants
  A howler monkey zombie (D:6)
  A worker ant zombie (D:6)
  11 gnolls
  8 adders
  2 shadow imps (D:5)
  5 worms
  A dart slug (D:1)
  3 leopard geckos
  34 orcs
  4 ball pythons
  4 giant cockroaches
  8 goblins
  4 hobgoblins
  9 jackals
  9 kobolds
  2 quokkas
  4 bats
  6 frilled lizards
  2 jackal skeletons
  A quokka skeleton (D:4)
  2 quokka zombies
  3 rats
182 creatures vanquished.

Notes
Turn   | Place    | Note
-------+----------+-------------------------------------------
     0 | D:1      | ocha the Gargoyle Gladiator began the quest for the Orb.
     0 | D:1      | Reached XP level 1. HP: 12/12 MP: 1/1
   136 | D:1      | Reached XP level 2. HP: 5/17 MP: 2/2
  1010 | D:2      | Reached XP level 3. HP: 16/21 MP: 3/3
  1394 | D:2      | Reached skill level 4 in Maces & Flails
  1478 | D:2      | Reached XP level 4. HP: 23/26 MP: 4/4
  2318 | D:3      | Reached skill level 5 in Maces & Flails
  2655 | D:3      | Reached XP level 5. HP: 28/30 MP: 5/5
  3539 | D:4      | Found a sparkling altar of Nemelex Xobeh.
  3545 | D:4      | Found a runed translucent gate.
  3545 | D:4      | Found a runed translucent gate.
  3545 | D:4      | Found a runed translucent gate.
  3551 | D:4      | Noticed Brisketman's ghost (amateur DrCj)
  3677 | D:4      | Reached skill level 1 in Polearms
  3699 | D:4      | HP: 1/30 [orc priest/divine providence (15)]
  3701 | D:4      | Reached skill level 6 in Maces & Flails
  3701 | D:4      | Reached XP level 6. HP: 11/35 MP: 6/6
  4343 | D:4      | Reached XP level 7. HP: 26/40 MP: 7/7
  4397 | D:4      | Reached skill level 7 in Maces & Flails
  4867 | D:4      | Found a staircase to the Ecumenical Temple.
  4877 | Temple   | Entered the Ecumenical Temple
  4971 | Temple   | Became a worshipper of Warmaster Okawaru
  5403 | D:5      | Entered Level 5 of the Dungeon
  5692 | D:5      | Reached skill level 8 in Maces & Flails
  5784 | D:5      | Reached XP level 8. HP: 44/44 MP: 8/8
  5865 | D:5      | Noticed Menkaure
  5891 | D:5      | Killed Menkaure
  5891 | D:5      | Reached * piety under Okawaru
  5891 | D:5      | Reached skill level 9 in Maces & Flails
  6028 | D:5      | Noticed Prince Ribbit
  6062 | D:5      | Killed Prince Ribbit
  6535 | D:5      | Found an opulent altar of Gozag.
  6610 | D:5      | Reached skill level 10 in Maces & Flails
  7188 | D:5      | Reached ** piety under Okawaru
  7295 | D:6      | Found a sacrificial altar of Ru.
  7402 | D:5      | Reached XP level 9. HP: 45/48 MP: 9/9
  7429 | D:5      | Reached skill level 11 in Maces & Flails
  8160 | D:6      | Found an ancient bone altar of Kikubaaqudgha.
  8161 | D:6      | Found a blossoming altar of Fedhas.
  8801 | D:6      | Found a runed translucent door.
  8802 | D:6      | Noticed Crazy Yiuf
  8811 | D:6      | Killed Crazy Yiuf
  8900 | D:7      | Reached skill level 12 in Maces & Flails
  9387 | D:7      | Reached *** piety under Okawaru
  9984 | D:7      | Demolished by an orc warrior

Levels and vault maps discovered:
D:1:      scummos_arrival_hexagon, layout_basic
D:2:      layout_basic
D:3:      layout_basic, serial_forest, infiniplex_forest_corner_2,
          infiniplex_forest_straight_1, infiniplex_forest_straight_1,
          infiniplex_forest_clump_double, infiniplex_forest_end_1,
          infiniplex_forest_lined_3_way, infiniplex_forest_clump_diagonal
D:4:      layout_loops_ring, overflow_temple_1_default,
          minmay_temple_entry_statues_fountains, gammafunk_ghost_necromancy,
          first_ration, minivault_19
D:5:      layout_loops_ring, overflow_temple_1_default,
          cheibrodos_sewer_entry_bend, minmay_misc_feat_x,
          wad_floor_pattern_untrapped, lightli_minifort, uniq_prince_ribbit1,
          uniq_menkaure
D:6:      layout_rooms, grunt_temple_overflow_growth_and_decay,
          overflow_temple_1_default, uniq_crazy_yiuf_cottage
D:7:      layout_loops_corners
Temple:   dshaligram_water_room_temple

Skill      XL: |  1  2  3  4  5  6  7  8  9 |
---------------+----------------------------+-----
Throwing       | 2 |  2.0
Maces & Flails | 4 5 6 8 10 12 | 12.4
Polearms       | 1 2 |  2.9
Fighting       | |  2.2
Armour         | |  0.2
Dodging        | |  2.7

Action                   |  1- 3 |  4- 6 |  7- 9 || total
-------------------------+-------+-------+-------++-------
Melee: Flail             |   112 |   194 |   453 ||   759
       Trident           |       |    36 |       ||    36
       Whip              |       |       |    29 ||    29
  Use: Scroll            |       |    11 |     5 ||    16
       Potion            |       |     4 |     4 ||     8
 Stab: Sleeping          |     1 |       |       ||     1
       Invisible         |       |       |     3 ||     3
  Eat: Chunk             |     2 |     9 |    10 ||    21
       Ration            |       |       |     3 ||     3
Armor: Leather armour    |    14 |       |       ||    14
       Chain mail        |    47 |   166 |   280 ||   493
Dodge: Dodged            |    56 |    84 |   169 ||   309

Table legend:
 A = Non-vault XP
 B = Vault XP
 C = Vault XP percentage of total XP
 D = Non-vault monster count
 E = Vault monster count
 F = Vault count percentage of total count
                 A         B        C        D         E       F
            +---------+---------+-------+---------+---------+-------
      Total |    3364 |     632 |  15.8 |     173 |       9 |   4.9
            +---------+---------+-------+---------+---------+-------
        D:1 |      24 |       0 |   0.0 |      11 |       0 |   0.0
        D:2 |      98 |       0 |   0.0 |      24 |       0 |   0.0
        D:3 |      68 |       0 |   0.0 |      23 |       0 |   0.0
        D:4 |     604 |       0 |   0.0 |      35 |       0 |   0.0
        D:5 |    1109 |     591 |  34.8 |      35 |       8 |  18.6
        D:6 |     937 |      41 |   4.2 |      32 |       1 |   3.0
        D:7 |     524 |       0 |   0.0 |      13 |       0 |   0.0
            +---------+---------+-------+---------+---------+-------
